 Dungeon Crawl Stone Soup version 0.31-a0-185-g9dded2c639 (webtiles) character file.

Game seed: 10388779833081388515

42 qw the Shooter (level 3, -3/20 HPs)
             Began as a Deep Elf Hunter on June 22, 2023.
             Slain by an orc wizard
             ... wielding a +0 dagger
              (4 damage)
             ... on level 1 of the Dungeon.
             The game lasted 00:00:26 (1239 turns).

qw the Shooter (Deep Elf Hunter)                    Turns: 1239, Time: 00:00:26

Health: -3/20      AC:  6    Str: 10    XL:     3   Next: 33%
Magic:  5/5        EV:  9    Int: 13    God:
Gold:   79         SH:  0    Dex: 18    Spells: 2/2 levels left

rFire   . . .        Y - +0 shortbow
rCold   . . .        (shield currently unavailable)
rNeg    . . .        e - +0 scale mail
rPois   .            (no helmet)
rElec   .            (no cloak)
rCorr   .            (no gloves)
SInv    .            (no boots)
Will    .....        j - amulet of faith
Stlth   +            (no ring)
HPRegen 0.23/turn    (no ring)
MPRegen 0.09/turn

%: faith
@: no status effects
A: no striking features
a: no special abilities


You were on level 1 of the Dungeon.
You visited 1 branch of the dungeon, and saw 2 of its levels.

You collected 79 gold pieces.


   Skills:
 - Level 1.5 Fighting
 + Level 6.9 Ranged Weapons
 - Level 2.4 Dodging
 - Level 1.2 Stealth


You had 2 spell levels left.
You didn't know any spells.
Your spell library was empty.

Inventory:

Hand Weapons
 Y - a +0 shortbow (weapon)
Armour
 e - a +0 scale mail (worn)
Jewellery
 j - an amulet of faith (around neck)
Scrolls
 a - a scroll of identify
Potions
 i - a potion of mutation {unknown}

Dungeon Overview and Level Annotations

Branches:
Dungeon (2/15)

Altars:


Message History

You feel less confused. Something hits you but does no damage.
You shoot an arrow. Something hits you but does no damage.
You shoot an arrow. Something hits you. Something hits you but does no damage.
You shoot an arrow. Something hits you but does no damage.
You shoot an arrow. Something hits you but does no damage.
You shoot an arrow.
You hear some strange, mumbled words.
You are confused.
Something hits you but does no damage.
You shoot an arrow. Something hits you but does no damage.
You shoot an arrow.
You hear some strange, mumbled words.
You are more confused.
Something hits you but does no damage.
You shoot an arrow. Something hits you.
You shoot an arrow. Something hits you but does no damage.
You shoot an arrow. Something hits you.
You hear some strange, mumbled words.
Something tries to affect you, but you resist.
You shoot an arrow. Something hits you but does no damage.
You shoot an arrow.
You hear some strange, mumbled words.
A puff of flame appears from out of thin air!
The puff of flame hits you but does no damage.
You shoot an arrow.
You feel less confused.
You hear some strange, mumbled words.
A magic dart appears from out of thin air!
The magic dart hits you. Something hits you.
You die...

#.# #...... #.# #..####
#.####(.#... #.......#.##
######.##... #.#####
#......
########################
###......@)...............
#...######{.#########.####
#.### #....# #.##.# #...##
#...## #####.##.# #....#
#.### ###..##.##.. #..(.#
##.# #.....#.##.#
##...###.## #...###.##..
#.#..##.# #....##.##..
###..#.## #.<..##.##..


There were no monsters in sight!

Vanquished Creatures
  A gnoll (D:1)
  A dart slug (D:1)
  2 orcs
  An endoplasm (D:1)
  4 hobgoblins (D:1)
  4 jackals (D:1)
  A quokka (D:1)
  2 ball pythons (D:1)
  4 bats (D:1)
  2 frilled lizards (D:1)
  2 kobolds (D:1)
  3 rats (D:1)
27 creatures vanquished.

Notes
Turn   | Place    | Note
-------+----------+-------------------------------------------
     0 | D:1      | qw the Deep Elf Hunter began the quest for the Orb.
     0 | D:1      | Reached XP level 1. HP: 12/12 MP: 3/3
     0 | D:1      | 0 ||| qw: Version: 0.3-a-9-g12657ce
     0 | D:1      | 0 ||| qw: Game counter: 1896
     0 | D:1      | 0 ||| qw: Always use a shield: true
     0 | D:1      | 0 ||| qw: God list: Okawaru
     0 | D:1      | 0 ||| qw: Allow faded altars: false
     0 | D:1      | 0 ||| qw: Do Orc after D:15 true
     0 | D:1      | 0 ||| qw: Do second Lair branch before Depths: true
     0 | D:1      | 0 ||| qw: Lair rune preference: random
     0 | D:1      | 0 ||| qw: Plans: Normal
     0 | D:1      | 0 ||| PLANNING D:1-11
   200 | D:1      | 200 ||| UPGRADING to +0 scale mail.
   247 | D:1      | 247 ||| DROPPING +0 leather armour.
   258 | D:1      | Reached XP level 2. HP: 14/16 MP: 4/4
   259 | D:1      | Reached skill level 6 in Ranged Weapons
   263 | D:1      | HP: 4/16 [gnoll/+0 spear (5)]
   475 | D:1      | Reached XP level 3. HP: 20/20 MP: 5/5
  1111 | D:1      | 1111 ||| UPGRADING to amulet of faith.
  1116 | D:1      | 1116 ||| DROPPING ring of magical power.
  1117 | D:1      | 1117 ||| READING 3 scrolls labelled TUAKAS HOGAAD.
  1118 | D:1      | 1118 ||| READING scroll labelled PUGATH TIMM.
  1119 | D:1      | 1119 ||| DRINKING 2 fizzy white potions.
  1166 | D:1      | 1166 ||| READING 2 scrolls of identify.
  1166 | D:1      | 1166 ||| IDENTIFYING bubbling puce potion
  1167 | D:1      | 1167 ||| DROPPING scroll of butterflies.
  1168 | D:1      | 1168 ||| DROPPING potion of lignification.
  1214 | D:2      | 1214 ||| DRINKING potion of curing.
  1214 | D:2      | 1214 ||| (to cure confusion)
  1216 | D:2      | 1216 ||| STAIRDANCE
  1234 | D:1      | HP: 5/20 [something (3)]
  1239 | D:1      | HP: 1/20 [something/magic dart (4)]
  1239 | D:1      | Slain by an orc wizard

Levels and vault maps discovered:
D:1:      dpeg_arrival_arbitrary_a, layout_basic, serial_glass, glass_columns_a,
          glass_columns_a, minmay_strange_pillars, item_on_display_a,
          feat_on_display
D:2:      layout_rooms, dreamdust_mushroom_princess

Skill      XL: |  1  2 |
---------------+-------+-----
Ranged Weapons | 6 |  6.9
Fighting       | |  1.5
Dodging        | |  2.4
Stealth        | |  1.2

Action                     || total
---------------------------++-------
   Fire: Shortbow          ||   100
    Use: Scroll            ||     3
         Potion            ||     2
 Armour: Scale mail        ||    35
  Dodge: Dodged            ||    26

Table legend:
 A = Non-vault XP
 B = Vault XP
 C = Vault XP percentage of total XP
 D = Non-vault monster count
 E = Vault monster count
 F = Vault count percentage of total count
                 A         B        C        D         E       F
            +---------+---------+-------+---------+---------+-------
      Total |      60 |       0 |   0.0 |      27 |       0 |   0.0
            +---------+---------+-------+---------+---------+-------
        D:1 |      57 |       0 |   0.0 |      26 |       0 |   0.0
        D:2 |       3 |       0 |   0.0 |       1 |       0 |   0.0
            +---------+---------+-------+---------+---------+-------
